 Dungeon Crawl Stone Soup version 0.20.0-15-g7f486f2 (webtiles) character file.

508 Zachthehappycat the Skirmisher (level 7, -1/55 HPs)
             Began as a Barachi Skald on June 29, 2017.
             Was a Follower of Uskayaw.
             Slain by Menkaure (16 damage)
             ... on level 5 of the Dungeon.
             The game lasted 00:36:39 (7024 turns).

Zachthehappycat the Skirmisher (Barachi Skald)      Turns: 7024, Time: 00:36:40

Health: -1/55      AC:  5    Str: 12    XL:     7   Next: 18%
Magic:  10/10      EV: 11    Int: 13    God:    Uskayaw [*.....]
Gold:   177        SH:  5    Dex: 14    Spells: 10/11 levels left

rFire    + . .     SeeInvis .   t - +2 short sword (drain)
rCold    . . .     Gourm    .   F - +2 buckler
rNeg     . . .     Faith    .   j - +0 ring mail (curse)
rPois    .         Spirit   .   (no helmet)
rElec    .         Reflect  .   (no cloak)
rCorr    .         Harm     .   (no gloves)
MR       .....                  (no boots)
Stlth    +.........             (no amulet)
Regen    0.2/turn               z - ring of protection from fire
MPRegen  0.2/turn               (no ring)

@: slow
A: +LOS, swims, slowness 1, strong legs 1
a: Hop, Stomp, Renounce Religion


You were on level 5 of the Dungeon.
You worshipped Uskayaw.
Uskayaw was noncommittal.
You were not hungry.

You visited 2 branches of the dungeon, and saw 6 of its levels.

You collected 177 gold pieces.

Inventory:

Hand Weapons
 m - a +3 quarterstaff of chaos
 t - a +2 short sword of draining (weapon)
 A - a +1 dagger of venom
 G - a +0 mace of protection
Missiles
 g - 16 poisoned needles
 p - 3 needles of confusion
 q - 36 bolts
 v - 127 stones
 w - 49 arrows
 E - 9 tomahawks (quivered)
Armour
 j - a cursed +0 ring mail (worn)
 C - a +0 scale mail
 F - a +2 buckler (worn)
Magical Staves
 B - an uncursed staff of power
Jewellery
 z - a ring of protection from fire (left hand)
Scrolls
 b - a scroll of enchant armour {unknown}
 h - 4 scrolls of teleportation {unknown}
 i - 8 scrolls of identify
 k - 2 scrolls of enchant weapon {unknown}
 o - a scroll of immolation {unknown}
 s - a scroll of random uselessness {unknown}
 x - 2 scrolls of blinking {unknown}
 y - 3 scrolls of fog {unknown}
Potions
 a - a potion of mutation {unknown}
 e - 2 potions of degeneration {unknown}
 f - a potion of invisibility {unknown}
 u - a potion of curing
Books
 c - a book of Battle

   Spells                             Type                      Level
   a - Infusion                       Charms                       1
   b - Shroud of Golubria             Charms/Translocation         2
   c - Song of Slaying                Charms                       2
   d - Spectral Weapon                Hexes/Charms                 3
   e - Regeneration                   Charms/Necromancy            3
 n - Sif Muna's Disquisition on Flames
   (You found it on level 3 of the Dungeon)

   Spells                             Type                      Level
   a - Flame Tongue                   Conjuration/Fire             1
Comestibles
 d - 3 bread rations
 l - a royal jelly


   Skills:
 + Level 4.3 Fighting
 * Level 4.0(4.5) Short Blades
   Level 3.2(4.3) Long Blades
 + Level 1.6 Throwing
 + Level 3.7 Armour
 + Level 3.5 Dodging
 + Level 0.8 Stealth
 + Level 0.2 Shields
 + Level 2.5 Spellcasting
 + Level 3.4 Charms


You had 10 spell levels left.
You knew the following spells:

 Your Spells              Type           Power        Failure   Level  Hunger
a - Infusion              Chrm           ##..         21%         1    #......


Dungeon Overview and Level Annotations

Branches:
Dungeon (5/15)             Temple (1/1) D:4

Altars:
Ashenzari
Cheibriados
Dithmenos
Fedhas
Gozag
Hepliaklqana
Kikubaaqudgha
Makhleb
Okawaru
Qazlal
Sif Muna
Trog
Uskayaw
Xom
Yredelemnul
Zin

Shops:
D:4 }

Annotations:
D:5 Menkaure


Innate Abilities, Weirdness & Mutations

Shadows flee at your approach. (+LOS)
You can swim through water.
You cover ground slowly.
You can hop short distances.


Message History

Menkaure, Prince of Dust comes into view.
Menkaure shouts!
Found a shield.
There is a stone staircase leading up here.
Menkaure calls on the powers of darkness!
Your body is wracked with pain!
You hit Menkaure.
Menkaure is lightly damaged.
Menkaure calls on the powers of darkness!
Your body is wracked with pain!
* * * LOW HITPOINT WARNING * * *
As you read the scroll labeled IMEINA GOCS, it crumbles to dust.
It is a scroll of recharging.
You aren't carrying any rechargeable items.
Menkaure calls on the powers of darkness!
Your body is wracked with pain!
* * * LOW HITPOINT WARNING * * *
Okay, then.
You feel better. Menkaure hits you!
You die...

..# #.#
#.# #.#
#.# #.#
#.# #M#
#@#
########.#
#...[....#
#.######<#
#.# #.#
#.# ...
#..


You could see Menkaure.

Vanquished Creatures
  A scorpion (D:4)
  Crazy Yiuf (D:4)
  4 orc wizards
  3 worker ants (D:4)
  4 gnolls (D:4)
  10 adders
  An ooze (D:1)
  An adder skeleton (D:4)
  2 worms
  4 dart slugs
  4 leopard geckos
  7 orcs
  7 giant cockroaches
  5 goblins
  6 hobgoblins
  4 jackals (D:2)
  3 quokkas
  12 bats
  5 frilled lizards
  4 kobolds
  6 rats
94 creatures vanquished.

Notes
Turn   | Place    | Note
-------+----------+-------------------------------------------
     0 | D:1      | Zachthehappycat the Barachi Skald began the quest for the Orb.
     0 | D:1      | Reached XP level 1. HP: 17/17 MP: 3/3
    88 | D:1      | Reached XP level 2. HP: 9/23 MP: 5/5
   857 | D:2      | Reached XP level 3. HP: 26/28 MP: 6/6
   895 | D:2      | Found a shattered altar of Ashenzari.
  1259 | D:2      | Became a worshipper of Ashenzari the Shackled
  1850 | D:2      | Reached XP level 4. HP: 32/35 MP: 7/7
  1970 | D:2      | Noticed a dagger
  1971 | D:2      | Noticed a dagger
  1974 | D:2      | Found a hide-covered altar of Uskayaw.
  1998 | D:2      | Fell from the grace of Ashenzari
  1998 | D:2      | Became a worshipper of Uskayaw the Reveler
  2167 | D:2      | Reached * piety under Uskayaw
  3081 | D:3      | Reached XP level 5. HP: 36/42 MP: 8/8
  3082 | D:3      | Reached ** piety under Uskayaw
  3231 | D:3      | Reached skill level 1 in Short Blades
  3453 | D:3      | HP: 1/42 [worm (7)]
  3462 | D:3      | Reached *** piety under Uskayaw
  3594 | D:3      | Was forgiven by Ashenzari
  4042 | D:3      | Found a deep blue altar of Sif Muna.
  4073 | D:3      | Reached XP level 6. HP: 24/48 MP: 9/9
  4402 | D:3      | Identified Sif Muna's Disquisition on Flames
  4708 | D:4      | Found Dofafad's Gadget Boutique.
  4767 | D:4      | Reached skill level 1 in Throwing
  4780 | D:4      | Reached **** piety under Uskayaw
  5655 | D:4      | Found a runed door.
  5659 | D:4      | Noticed Crazy Yiuf
  5665 | D:4      | Killed Crazy Yiuf
  5727 | D:4      | Reached XP level 7. HP: 49/55 MP: 10/10
  6181 | D:4      | Found a staircase to the Ecumenical Temple.
  6194 | Temple   | Entered the Ecumenical Temple
  7018 | D:5      | Entered Level 5 of the Dungeon
  7018 | D:5      | Noticed Menkaure
  7024 | D:5      | Slain by Menkaure

Skill      XL: |  1  2  3  4  5  6  7 |
---------------+----------------------+-----
Long Blades    | 3 |  3.2
Armour         | 2 3 |  3.7
Fighting       | 3 4 |  4.3
Short Blades   | 2 3 4 |  4.0
Dodging        | 3 |  3.5
Throwing       | 1 |  1.6
Stealth        | |  0.8
Shields        | |  0.2
Spellcasting   | |  2.5
Charms         | |  3.4

Action                   |  1- 3 |  4- 6 |  7- 9 || total
-------------------------+-------+-------+-------++-------
Melee: Falchion          |    95 |       |       ||    95
       Dagger            |     4 |    49 |       ||    53
       Short sword       |       |   149 |    44 ||   193
Throw: Tomahawk          |       |    13 |       ||    13
       Stone             |       |    24 |       ||    24
  Use: Potion            |       |     5 |     1 ||     6
       Scroll            |       |     1 |     1 ||     2
 Stab: Paralysed         |       |     1 |     2 ||     3
  Eat: Chunk             |     4 |     8 |     4 ||    16
       Meat ration       |       |     1 |       ||     1
       Bread ration      |       |       |     1 ||     1
Armor: Ring mail         |    68 |    93 |    20 ||   181
       Leather armour    |     1 |       |       ||     1
Dodge: Dodged            |   123 |   150 |    25 ||   298
Block: Buckler           |       |    36 |    13 ||    49
       Rpst.: Falchion   |    33 |       |       ||    33
